 Dungeon Crawl Stone Soup version 0.31-a0-875-g02e7d12df6 (webtiles) character file.

Game seed: 11875585218476100067

3 Azuregosa the Sneak (level 1, 0/16 HPs)
             Began as an Octopode Delver on Oct 12, 2023.
             Slain by a rat (3 damage)
             ... on level 3 of the Dungeon.
             The game lasted 00:01:24 (178 turns).

Azuregosa the Sneak (Octopode Delver)                Turns: 178, Time: 00:01:24

Health: 0/16       AC:  1    Str: 11    XL:     1   Next: 50%
Magic:  1/1        EV: 18    Int: 12    God:
Gold:   15         SH:  0    Dex: 13    Spells: 0/0 levels left

rFire   . .          .
                       - Unarmed
rCold   . . .        (no shield)
rNeg    . . .        (helmet restricted)
rPois   .            (no amulet)
rElec   .            i - +5 ring of evasion
rCorr   .            (no ring)
SInv    .            (no ring)
Will    .....        (no ring)
Stlth   ++++         (no ring)
HPRegen 0.22/turn    (no ring)
MPRegen 0.07/turn    (no ring)
                     (no ring)

%: no passive effects
@: lethally poisoned (0 -> -6)
A: almost no armour, amphibious, 8 rings, camouflage 1, gelatinous body 1,
(nimble swimmer 1), tentacles
a: no special abilities


You were on level 3 of the Dungeon.
You visited 1 branch of the dungeon, and saw 3 of its levels.

You collected 15 gold pieces.

Inventory:

Hand Weapons
 f - a +0 rapier
Jewellery
 i - a +5 ring of evasion (left tentacle)
Wands
 e - a wand of digging (3)
 h - a wand of charming (5)
Scrolls
 a - a scroll of fog
 b - a scroll of revelation
 c - a scroll of fear
 g - a scroll of identify {unknown}
Potions
 d - a potion of haste


   Skills:
 - Level 3.0 Fighting
 - Level 2.0 Dodging
 + Level 6.8 Stealth
 - Level 2.0 Unarmed Combat


You couldn't memorise any spells.
You didn't know any spells.
Your spell library was empty.

Dungeon Overview and Level Annotations

Branches:
Dungeon (5/15)
 Temple: D:4-7

Altars:


Innate Abilities, Weirdness & Mutations

You cannot wear most types of armour.
You are amphibious.
You can wear up to eight rings at the same time.
Your skin changes colour to match your surroundings (Stealth+).
Your rubbery body absorbs attacks. (AC +1, EV +1)
((You are camouflaged when in or above water. (Stealth+)))
You have tentacles for arms and can constrict up to eight enemies at once.


Message History

You barely miss the hobgoblin. Your grab misses the hobgoblin.
You squeeze the hobgoblin.
The hobgoblin is almost dead.
The hobgoblin barely misses you.
You tentacle-slap the hobgoblin but do no damage.
You grab the hobgoblin.
The hobgoblin is almost dead.
You constrict the hobgoblin.
You kill the hobgoblin!
You see here a hobgoblin corpse.
Found an escape hatch in the ceiling.
There is an escape hatch in the ceiling here.
A mysterious force pulls you upwards. The hatch slams shut behind you.
Found 10 gold pieces.
A rat comes into view.
Found a war axe and 5 stones.
An adder comes into view.
Found a scroll of fear.
A goblin comes into view. It is wielding a +0 dagger.
You see here 10 gold pieces.
You now have 15 gold pieces (gained 10).
You tentacle-slap the rat. Your grab misses the rat.
The rat is moderately wounded.
The adder hisses angrily.
You closely miss the adder. Your grab misses the adder. The rat bites you.
The adder barely misses you.
You miss the adder. Your grab misses the adder. The adder misses you.
The rat bites you. The adder bites you.
You are poisoned.
The adder poisons you!
You tentacle-slap the adder but do no damage.
Your grab misses the adder.
You feel sick. The rat bites you. The adder bites you.
* * * LOW HITPOINT WARNING * * *
You are lethally poisoned!
The adder poisons you!
You barely miss the adder. You grab the adder. You constrict the adder.
* * * LOW HITPOINT WARNING * * *
You feel sick. The rat bites you.
You die...

#......###.....
#.....## #...#.J
#...### #...#B..S
#.#### ##..# ...
#....#### ..# #.
###.#.......###
.).............##
.....#..........#
######.###@####..
#.# #Sr.# #.#
#....# #.# #....#
#( #?.....
######.. ... g.


You could see an adder, a goblin (asleep) and a rat.

Vanquished Creatures
  A giant cockroach (D:4)
  A hobgoblin (D:4)
  A kobold (D:4)
3 creatures vanquished.

Notes
Turn   | Place    | Note
-------+----------+-------------------------------------------
     0 | D:5      | Azuregosa the Octopode Delver began the quest for the Orb.
     0 | D:5      | Reached XP level 1. HP: 16/16 MP: 1/1
    67 | D:4      | Noticed an ogre
   178 | D:3      | Slain by a rat

Illustrated notes

Levels and vault maps discovered:
D:3:      minmay_recursive_quarters, layout_loops_ring,
          mainiacjoe_overflow_boulevard, serial_shops, shop,
          kennysheep_small_spiral
D:4:      layout_cave_pods
D:5:      layout_loops_corners

Action                     || total
---------------------------++-------
  Melee: Unarmed           ||    13
         Constrict         ||     4
         Tentacles         ||     3
   Stab: Sleeping          ||     1
 Armour: Skin              ||     7
  Dodge: Dodged            ||     7

Table legend: (Time is in decaauts)
 A = Elapsed time spent in this place.
 B = Non-inter-level travel time spent in this place.
 C = Inter-level travel time spent in this place.
 D = Time resting spent in this place.
 E = Time spent auto-exploring this place.
 F = Levels seen in this place.
 G = Mean time per level.
                   A        B        C        D        E       F      G
               +--------+--------+--------+--------+--------+-----+--------+
         Total |    176 |    176 |      0 |      0 |     49 |   3 |   58.7 |
       Dungeon |    176 |    176 |      0 |      0 |     49 |   3 |   58.7 |
               +--------+--------+--------+--------+--------+-----+--------+

Top non-repeatable levels by time:
     D:4: 89 daAuts
     D:5: 67 daAuts
     D:3: 20 daAuts
